 Dungeon Crawl Stone Soup version 0.19.1 (webtiles) character file.

157878 JeffiDaFish the Tortoise (level 17, -11/110 HPs)
             Began as a Gargoyle Fighter on Dec 16, 2016.
             Was the Champion of Makhleb.
             Blown up by an orb spider (56 damage)
             ... with an orb of destruction
             ... on level 4 of the Spider Nest.
             The game lasted 01:31:11 (26442 turns).

JeffiDaFish the Tortoise (Gargoyle Fighter)        Turns: 26442, Time: 01:31:12

Health: -11/110    AC: 37    Str: 39    XL:     17   Next: 70%
Magic:  28/28      EV: 14    Int: 11    God:    Makhleb [******]
Gold:   2525       SH: 22    Dex: 13    Spells: 2 memorised, 22 levels left

rFire  + . .     SeeInvis .     t - +8 morningstar (protect)
rCold  + . .     Gourm    .     P - +2 plate armour {rF+}
rNeg   + + +     Faith    .     J - +0 shield {rC+}
rPois  ∞         Spirit   .     I - +1 helmet of Aczio {-Tele rN++ Str+9}
rElec  +         Reflect  +     i - +1 cloak
rCorr  .         Harm     .     o - +2 pair of gloves
MR     +....     NoTele   +     w - +2 pair of boots
Stlth  ..........               y - +6 amulet of reflection
                                u - +4 ring of evasion
                                C - ring "Baxed" {*Contam +Inv Str+2 Int+2}

@: mighty, corroded, protection aura, flying, studying 2 skills
A: big wings, hooves 1, molten scales 1, negative energy resistance 1,
electricity resistance, unbreathing, petrification resistance, rot immunity, AC
+12
a: Stop Flying, Minor Destruction, Lesser Servant of Makhleb, Major Destruction,
Greater Servant of Makhleb, Renounce Religion, Evoke Invisibility


You were on level 4 of the Spider Nest.
You worshipped Makhleb.
Makhleb was exalted by your worship.
You were not hungry.

You visited 5 branches of the dungeon, and saw 28 of its levels.
You also visited: Bailey and Ice Cave.

You collected 3235 gold pieces.
You spent 710 gold pieces at shops.

Inventory:

Hand Weapons
 t - a +8 morningstar of protection (weapon)
 K - the +8 whip "Snakebite" {curare, rPois}
   (You acquired it on level 6 of the Lair of Beasts)

   It poisons the flesh of those it strikes.
   It protects you from poison.
Armour
 i - a +1 cloak (worn)
 o - a +2 pair of gloves (worn)
 w - a +2 pair of boots (worn)
 I - the +1 helmet of Aczio (worn) {-Tele rN++ Str+9}
   (You found it on level 4 of the Lair of Beasts)

   It affects your strength (+9).
   It greatly protects you from negative energy.
   It prevents most forms of teleportation.
 J - a +0 shield of cold resistance (worn)
 P - a +2 plate armour of fire resistance (worn)
Jewellery
 u - a +4 ring of evasion (right hand)
 y - a +6 amulet of reflection (around neck)
 C - the ring "Baxed" (left hand) {*Contam +Inv Str+2 Int+2}
   (You found it on level 3 of the Lair of Beasts)

   [ring of intelligence]

   It affects your strength (+2).
   It affects your intelligence (+2).
   It lets you turn invisible.
   It causes magical contamination when unequipped.
Wands
 p - a wand of teleportation (9/9)
Scrolls
 c - a scroll of fog
 h - 6 scrolls of fear
 k - 4 scrolls of blinking
 n - 17 scrolls of identify
 r - 2 scrolls of holy word
 s - 4 scrolls of teleportation
 x - a scroll of summoning
 B - 4 scrolls of remove curse
 D - 3 scrolls of recharging
 H - a scroll of magic mapping
 O - a scroll of amnesia
Potions
 a - 8 potions of curing
 b - 4 potions of heal wounds
 d - a potion of might
 g - 2 potions of resistance
 j - 4 potions of flight
 q - 3 potions of invisibility
 N - a potion of agility
Books
 e - a manual of
Armour
 v - a book of Geomancy

   Spells                             Type                      Level
   a - Sandblast                      Earth                        1
   b - Passwall                       Transmutation/Earth          2
   c - Stone Arrow                    Conjuration/Earth            3
   d - Petrify                        Transmutation/Earth          4
   e - Lee's Rapid Deconstruction     Earth                        5
 F - a book of Power

   Spells                             Type                      Level
   a - Fulminant Prism                Conjuration/Hexes            4
   b - Iskenderun's Mystic Blast      Conjuration                  4
   c - Venom Bolt                     Conjuration/Poison           5
   d - Bolt of Magma                  Conjuration/Fire/Earth       5
   e - Iron Shot                      Conjuration/Earth            6
   f - Orb of Destruction             Conjuration                  7
   g - Spellforged Servitor           Conjuration/Summoning        7
 M - a manual of Evocations
Miscellaneous
 A - a phial of floods
Comestibles
 f - 20 bread rations
 l - 13 meat rations
 m - a royal jelly
 z - 5 fruits
 E - 5 slices of pizza
 G - 4 beef jerkies
 L - 5 chunks of flesh


   Skills:
 * Level 13.6 Fighting
 * Level 14.8 Maces & Flails
 * Level 15.5 Armour
 - Level 2.0 Dodging
 - Level 1.4 Stealth
 * Level 14.7 Shields
 + Level 7.5 Spellcasting
 + Level 8.3 Conjurations
   Level 2.4 Necromancy
 + Level 9.4 Earth Magic
 + Level 6.9 Evocations


You had 22 spell levels left.
You knew the following spells:

 Your Spells              Type           Power        Failure   Level  Hunger
b - Stone Arrow           Conj/Erth      ###...       6%          3    ###....
c - Iron Shot             Conj/Erth      ###.......   100%        6    #######


Dungeon Overview and Level Annotations

Branches:
Dungeon (15/15)            Temple (1/1) D:6            Lair (6/6) D:11
 Shoals (0/4) Lair:3       Spider (4/4) Lair:4        Slime (0/5) Lair:6
    Orc (2/2) D:12            Elf (0/3) Orc:2        Vaults (0/5) D:14
 Depths (0/5) D:15

Altars:
Ashenzari
Cheibriados
Dithmenos
Elyvilon
Fedhas
Gozag
Hepliaklqana
Kikubaaqudgha
Makhleb
Nemelex Xobeh
Okawaru
Qazlal
Ru
Sif Muna
Trog
Uskayaw
Vehumet
Xom
Yredelemnul
Zin
The Shining One
Beogh

Shops:
D:5 [   D:7 (   D:14 *   Orc:2 ?[}[(

Portals:
Trove: D:12 (give horn of Geryon)

Annotations:
Spider:4 Asterion


Innate Abilities, Weirdness & Mutations

You are resistant to torment.
Your stone body is resilient. (AC +12)
You are immune to poison.
Your large and strong wings let you fly indefinitely.
You resist negative energy. (rN+)
You are resistant to electric shocks. (rElec)
You can survive without breathing.
You are immune to petrification.
You are immune to rotting.
You have large cloven feet.
You are partially covered in molten scales. (AC +2)


Message History

Asterion closely misses you. Asterion gores you!
An orb of destruction comes into view.
Asterion blocks your attack.
Asterion is heavily wounded.
The Executioner gestures.
The wolf spider hits you. You block the wolf spider's attack. x2
The wolf spider bites you. The wolf spider closely misses you.
The wolf spider bites you but does no damage.
The wolf spider hits you but does no damage.
You block the wolf spider's attack.
A spark wasp comes into view.
You bludgeon Asterion!!
Asterion is severely wounded.
You block Asterion's attack. Asterion gores you but does no damage.
The Executioner gestures.
You block the wolf spider's attack.
The wolf spider bites you but does no damage.
The orb of destruction hits you!
Ouch! That really hurt!
You die...

.## #<.#..#.^.[.†#
..........##
.#....^....## #
##...##..^.# #
#.#.##....### #
##..#.......## .##
##..........#
.....##s#^.†.#.#..#
...."1s@§#...###...#
......#H#§..^# ....
..#..(.s.#....# ..
...<....s...#.#
#.#......^y##..^.
...#.#..#... .... .
..^^.$.... .. ..
...^.....


You could see Asterion, an Executioner, a spark wasp, 2 wolf spiders, an orb
spider and a redback.

Vanquished Creatures
  Rupert (Lair:6)
  Gastronok (D:8)
  A frost giant (IceCv)
  2 emperor scorpions
  3 entropy weavers
  Nessos (D:14)
  Josephine (D:13)
  Fannar (Lair:3)
  Erolcha (Orc:2)
  A yaktaur captain (D:15)
  2 vault guards (D:14)
  A catoblepas (Lair:3)
  2 centaur warriors
  6 hydras
  8 death yaks (Lair:4)
  The ghost of Yara the Nimble, a journeyman HuAs of Okawaru (D:9)
  A tengu warrior (D:15)
  2 orc high priests (Orc:2)
  Nergalle (Orc:2)
  4 hill giants
  A lindwurm (Lair:6)
  3 unseen horrors
  2 wizards (D:14)
  Pikel (D:4)
  2 necromancers (D:14)
  14 wolf spiders
  2 orc knights
  7 orb spiders
  2 wolf spider zombies
  8 orc sorcerers (Orc:2)
  A deep elf mage (D:15)
  2 manticores
  2 cyclopes
  4 ugly things
  19 elephants (Lair:6)
  3 black mambas
  An ice statue (IceCv)
  A black mamba (shapeshifter) (D:14)
  10 spiny frogs
  2 torpor snails
  7 demonic crawlers
  3 rime drakes
  7 komodo dragons
  2 ice devils (Orc:2)
  A yaktaur (D:15)
  4 tengu conjurers
  12 jumping spiders
  19 polar bears
  6 trolls
  3 two-headed ogres
  8 hornets
  12 blink frogs
  3 slime creatures (D:14)
  5 hippogriffs
  61 redbacks
  6 wraiths
  58 yaks
  15 spriggans
  20 tarantellas
  18 humans (D:14)
  7 basilisks
  4 hungry ghosts
  9 vampire mosquitoes (D:15)
  Grum (D:10)
  Edmund (D:6)
  A warg (Orc:2)
  4 swamp worms (Spider:1)
  13 porcupines
  14 water moccasins
  5 ice beasts
  32 orc warriors
  A hornet zombie (D:12)
  2 sky beasts
  8 boggarts
  7 black bears
  A necrophage (D:6)
  31 wolves
  An eye of draining (D:13)
  16 ogres
  10 centaurs
  3 crocodiles
  19 bullfrogs
  A wyvern zombie (D:13)
  4 scorpions
  6 killer bees (D:11)
  4 wights (D:15)
  8 howler monkeys
  2 electric eels (Spider:3)
  5 crimson imps
  A bullfrog zombie (D:7)
  A centaur zombie (D:10)
  A quasit (D:9)
  3 centaur skeletons
  5 hounds
  19 jellies
  A gnoll shaman (D:8)
  18 orc priests
  2 bullfrog skeletons
  43 orc wizards
  3 iguanas
  3 hell rats (Lair:3)
  7 worker ants
  A hound zombie (D:8)
  A howler monkey zombie (D:6)
  3 worker ant zombies
  7 gnolls
  10 adders
  2 river rats (Lair:3)
  7 shadow imps
  2 oozes (Lair:6)
  2 adder zombies
  2 adder skeletons
  18 worms
  3 dart slugs
  5 leopard geckos
  95 orcs
  3 ball pythons
  8 bats
  A bat zombie (D:4)
  6 giant cockroaches
  13 goblins
  5 hobgoblins
  7 jackals
  9 kobolds
  5 quokkas
  2 frilled lizards
  A jackal skeleton (D:4)
  A quokka zombie (D:5)
  18 rats
  3 rat zombies (D:4)
965 creatures vanquished.

Vanquished Creatures (others)
  A centaur warrior (D:15)
  A cyclops (D:14)
  2 orc warriors (Bailey)
  2 centaurs (D:12)
  A scorpion (D:4)
  A hound (D:4)
  An orc wizard (Orc:2)
  10 orcs (Bailey)
  2 plants (Spider:1)
21 creatures vanquished.

Grand Total: 986 creatures vanquished

Notes
Turn   | Place    | Note
-------+----------+-------------------------------------------
     0 | D:1      | JeffiDaFish the Gargoyle Fighter began the quest for the Orb.
     0 | D:1      | Reached XP level 1. HP: 14/14 MP: 1/1
   227 | D:1      | Reached XP level 2. HP: 14/19 MP: 2/2
   697 | D:2      | Found a snail-covered altar of Cheibriados.
   800 | D:2      | Reached XP level 3. HP: 20/23 MP: 3/3
   847 | D:2      | Found a shadowy altar of Dithmenos.
  1086 | D:2      | Gained mutation: You are partially covered in molten scales. (AC +2) [potion of mutation]
  1086 | D:2      | Gained mutation: You have large cloven feet. [potion of mutation]
  1470 | D:2      | Reached XP level 4. HP: 29/29 MP: 4/4
  1660 | D:3      | Reached XP level 5. HP: 17/33 MP: 5/5
  2184 | D:4      | Noticed a slave
  2187 | D:4      | Noticed a slave
  2189 | D:4      | Noticed a slave
  2190 | D:4      | Noticed Pikel
  2192 | D:4      | Noticed a slave
  2207 | D:4      | Killed Pikel
  2207 | D:4      | Reached skill level 5 in Maces & Flails
  2207 | D:4      | Reached skill level 4 in Armour
  2207 | D:4      | Reached skill level 1 in Dodging
  2207 | D:4      | Reached skill level 5 in Shields
  2207 | D:4      | Reached XP level 6. HP: 38/38 MP: 6/6
  2207 | D:4      | Reached XP level 7. HP: 43/43 MP: 7/7
  2215 | D:4      | Reached skill level 5 in Armour
  2521 | D:4      | Found a burning altar of Makhleb.
  2525 | D:4      | Found a shattered altar of Ashenzari.
  2852 | D:4      | Found an ancient bone altar of Kikubaaqudgha.
  2915 | D:4      | Found a glowing silver altar of Zin.
  3101 | D:5      | Entered Level 5 of the Dungeon
  3187 | D:5      | Reached XP level 8. HP: 44/48 MP: 8/8
  3484 | D:5      | Found Ixkeg's Antique Armour Shop.
  3970 | D:6      | Noticed a hill giant
  3985 | D:6      | Killed a hill giant
  3985 | D:6      | Reached skill level 5 in Fighting
  4130 | D:6      | Reached XP level 9. HP: 51/54 MP: 9/9
  4146 | D:6      | Found a sparkling altar of Nemelex Xobeh.
  4216 | D:6      | Noticed Edmund
  4236 | D:6      | Killed Edmund
  4399 | D:6      | Found a staircase to the Ecumenical Temple.
  4414 | Temple   | Entered the Ecumenical Temple
  4716 | D:7      | Found a blossoming altar of Fedhas.
  4716 | D:7      | Found a stormy altar of Qazlal.
  5015 | D:7      | Found Daugumor's Weapon Boutique.
  5022 | D:7      | Bought a +1 morningstar of protection for 153 gold pieces
  5227 | D:7      | Reached skill level 1 in Stealth
  5420 | D:7      | Reached skill level 6 in Armour
  5620 | D:8      | Reached XP level 10. HP: 60/60 MP: 10/10
  5806 | D:8      | Noticed Gastronok
  5830 | D:8      | Killed Gastronok
  5830 | D:8      | Reached skill level 10 in Maces & Flails
  6629 | D:9      | Found a bloodstained altar of Trog.
  6761 | D:9      | Reached XP level 11. HP: 67/67 MP: 11/11
  6816 | D:9      | Learned a level 1 spell: Animate Skeleton
  6854 | D:9      | Reached skill level 7 in Armour
  7179 | D:9      | Noticed Yara's ghost (journeyman HuAs)
  7208 | D:9      | Killed Yara's ghost
  7208 | D:9      | Reached skill level 10 in Shields
  7208 | D:9      | Reached skill level 1 in Spellcasting
  7240 | D:10     | Entered Level 10 of the Dungeon
  7305 | D:10     | Reached skill level 1 in Necromancy
  7537 | D:10     | Noticed Grum
  7547 | D:10     | Killed Grum
  8091 | D:11     | Found a sacrificial altar of Ru.
  8209 | D:11     | Noticed a purple ugly thing
  8218 | D:11     | Killed a purple ugly thing
  8336 | D:11     | Reached skill level 8 in Armour
  8364 | D:11     | Found a staircase to the Lair.
  8787 | Lair:1   | Entered Level 1 of the Lair of Beasts
  8877 | Lair:1   | Reached XP level 12. HP: 24/75 MP: 15/15
  9184 | Lair:1   | Learned a level 3 spell: Stone Arrow
  9388 | Lair:1   | Reached skill level 1 in Earth Magic
  9993 | Lair:2   | Reached skill level 1 in Conjurations
 10013 | Lair:2   | Reached skill level 9 in Armour
 10697 | Lair:3   | Noticed a seven-headed hydra
 10717 | Lair:3   | Killed a seven-headed hydra
 11082 | Lair:3   | Found a staircase to the Shoals.
 11281 | Lair:3   | Noticed a catoblepas
 11286 | Lair:3   | Noticed Fannar
 11309 | Lair:3   | Killed a catoblepas
 11349 | Lair:3   | Killed Fannar
 11356 | Lair:3   | Reached skill level 10 in Fighting
 11635 | Lair:3   | Got a brightly glowing pewter ring
 11656 | Lair:3   | Identified the ring "Baxed" {*Contam +Inv Str+2 Int+2} (You found it on level 3 of the Lair of Beasts)
 11773 | Lair:3   | Reached XP level 13. HP: 82/82 MP: 18/18
 12123 | Lair:4   | Found a hazy altar of Hepliaklqana.
 12187 | Lair:4   | Identified the +1 helmet of Aczio {-Tele rN++ Str+9} (You found it on level 4 of the Lair of Beasts)
 12215 | Lair:4   | Reached skill level 10 in Armour
 12228 | Lair:4   | Reached skill level 1 in Evocations
 12502 | Lair:4   | Found a hole to the Spider Nest.
 14214 | Lair:6   | Entered Level 6 of the Lair of Beasts
 14464 | Lair:6   | Gained mutation: Your large and strong wings let you fly indefinitely. [Gargoyle growth]
 14464 | Lair:6   | Reached XP level 14. HP: 82/90 MP: 21/21
 14604 | Lair:6   | Reached skill level 11 in Armour
 14626 | Lair:6   | Reached skill level 5 in Earth Magic
 14887 | D:12     | Found a staircase to the Orcish Mines.
 14944 | D:12     | Found a roughly hewn altar of Beogh.
 15196 | D:12     | Found a portal to a secret trove of treasure.
 15327 | D:12     | Reached skill level 5 in Spellcasting
 15458 | D:12     | Found an opulent altar of Gozag.
 15464 | D:12     | Found a flagged portal.
 15487 | Bailey   | Entered a bailey
 15787 | Bailey   | Reached skill level 5 in Conjurations
 15787 | Bailey   | Reached XP level 15. HP: 93/95 MP: 21/23
 16493 | D:13     | Noticed Josephine
 16511 | D:13     | Killed Josephine
 16728 | Lair:6   | Noticed Rupert
 16746 | Lair:6   | Killed Rupert
 17013 | Lair:6   | Found a staircase to the Slime Pits.
 17118 | Lair:6   | Reached skill level 12 in Armour
 17501 | Lair:6   | Identified a scroll of acquirement
 18424 | D:13     | Reached XP level 16. HP: 92/101 MP: 25/25
 18653 | D:14     | Reached skill level 5 in Evocations
 19037 | D:14     | Found Kiucykoi's Changing Room.
 19172 | D:14     | Reached skill level 13 in Armour
 19376 | D:14     | Found a gate to the Vaults.
 19534 | D:14     | Noticed Nessos
 19545 | D:14     | Killed Nessos
 19862 | D:15     | Entered Level 15 of the Dungeon
 19985 | D:15     | Found a staircase to the Depths.
 21292 | D:4      | Became a worshipper of Makhleb the Destroyer
 21420 | Orc:1    | Entered Level 1 of the Orcish Mines
 21708 | Orc:2    | Entered Level 2 of the Orcish Mines
 21731 | Orc:2    | Reached * piety under Makhleb
 21958 | Orc:2    | Found a frozen archway.
 21989 | IceCv    | Entered an ice cave
 22060 | IceCv    | Reached skill level 14 in Armour
 22185 | IceCv    | Reached ** piety under Makhleb
 22512 | IceCv    | Reached *** piety under Makhleb
 22946 | Orc:2    | Found a staircase to the Elven Halls.
 22947 | Orc:2    | Found Nouzext's Antique Weapon Emporium.
 23131 | Orc:2    | Found Akhiniz's Antique Armour Emporium.
 23196 | Orc:2    | Found an ancient bone altar of Kikubaaqudgha.
 23197 | Orc:2    | Noticed Nergalle
 23221 | Orc:2    | Killed Nergalle
 23303 | Orc:2    | Found a radiant altar of Vehumet.
 23303 | Orc:2    | Noticed Erolcha
 23326 | Orc:2    | Killed Erolcha
 23351 | Orc:2    | Found a roughly hewn altar of Beogh.
 23351 | Orc:2    | Found Waongu's Magic Scroll Emporium.
 23352 | Orc:2    | Found Zej Galau's Gadget Shoppe.
 23383 | Orc:2    | Found Adumaq's Antique Armour Emporium.
 23395 | Orc:2    | Bought a pair of translucent gloves for 332 gold pieces
 23404 | Orc:2    | Bought a scroll of enchant weapon for 75 gold pieces
 23404 | Orc:2    | Bought a scroll of enchant armour for 75 gold pieces
 23404 | Orc:2    | Bought a scroll of enchant weapon for 75 gold pieces
 23446 | Orc:2    | Identified the -6 pair of gloves of Optimism {rPois} (You bought it in a shop on level 2 of the Orcish Mines)
 23490 | Orc:2    | Reached **** piety under Makhleb
 23509 | Orc:2    | Found a roughly hewn altar of Beogh.
 23797 | Spider:1 | Entered Level 1 of the Spider Nest
 23806 | Spider:1 | Reached XP level 17. HP: 108/108 MP: 27/27
 23980 | Spider:1 | Learned a level 6 spell: Iron Shot
 24199 | Spider:1 | Reached ***** piety under Makhleb
 24756 | Spider:2 | Reached skill level 15 in Armour
 25959 | Spider:3 | Reached ****** piety under Makhleb
 26169 | Spider:4 | Entered Level 4 of the Spider Nest
 26415 | Spider:4 | Noticed Asterion
 26436 | Spider:4 | Noticed an Executioner
 26442 | Spider:4 | Blown up by an orb spider

Skill      XL: |  1  2  3  4  5  6  7  8  9 10 11 12 13 14 15 16 17 |
---------------+----------------------------------------------------+-----
Maces & Flails | 3 5 7 9 11 12 13 14 | 14.8
Shields        | 4 5 6 7 8 9 10 11 12 13 14 | 14.7
Fighting       | 4 5 6 7 8 10 11 12 13 | 13.6
Armour         | 4 5 6 8 9 10 11 12 14 15 | 15.5
Dodging        | 1 2 |  2.0
Stealth        | 1 |  1.4
Spellcasting   | 2 3 4 5 6 7 |  7.5
Necromancy     | 2 |  2.4
Earth Magic    | 3 4 6 7 8 9 |  9.4
Conjurations   | 2 4 5 6 7 8 |  8.3
Evocations     | 2 4 5 6 |  6.9

Action                   |  1- 3 |  4- 6 |  7- 9 | 10-12 | 13-15 | 16-18 || total
-------------------------+-------+-------+-------+-------+-------+-------++-------
Melee: Flail             |   145 |   136 |   280 |   133 |       |       ||   694
       Kick              |     7 |    24 |   119 |   219 |       |       ||   369
       Morningstar       |       |       |   111 |   965 |  1159 |   592 ||  2827
       Whip              |       |       |       |       |    85 |  1050 ||  1135
 Cast: Stone Arrow       |       |       |       |       |       |    28 ||    28
 Abil: Fly               |       |       |       |       |       |     1 ||     1
  Use: Scroll            |     7 |       |     3 |     6 |     7 |    14 ||    37
       Potion            |     6 |     1 |     3 |     4 |     3 |     2 ||    19
  Eat: Chunk             |     2 |     3 |    12 |    24 |    18 |    25 ||    84
       Fruit             |       |       |       |     1 |     3 |     1 ||     5
       Meat ration       |       |       |       |       |     1 |       ||     1
       Royal jelly       |       |       |       |       |     1 |     1 ||     2
       Beef jerky        |       |       |       |       |       |     1 ||     1
Armor: Scale mail        |    92 |    91 |       |       |       |       ||   183
       Plate armour      |       |    33 |   268 |   651 |   586 |   634 ||  2172
Dodge: Dodged            |    41 |    77 |    71 |   396 |   449 |   516 ||  1550
Block: Shield            |    90 |   105 |   258 |   898 |  1396 |  1513 ||  4260
       Reflection        |       |       |       |       |    54 |    19 ||    73
